cohdb
Replays
Latest Replays
All Replays
Popular Replays
Top Player Replays
Match Explorer
How It Works
Community
CoH3 Stats
Reddit
Sign in to upload your games and track your stats! →
Sign in with Steam
Match 42124201
Unlisted
Match 42124201
Overview
Messages
Build Orders
End
Panzergrenadier Squad
250 Light Carrier
Panzerpioneer Squad
Construct Light Support Kompanie
Combat Half-tracks
Selects Armored Support Battlegroup
Selects Superior Fire Drills
Panzergrenadier Squad
Fire Support Elements
Selects Salvage Kits
Flakvierling Half-track
2.5-tonne Medical Truck
Assault Mechanized Group
Veteran Squad Leaders
Mask-6
Zero
Shemsy
RhysDevilx
DibbeTC
Touffic
0
0
Comments
sign in to comment!
No comments posted yet!